[Event "81st ARM-ch 2021"]
[Site "Yerevan"]
[Date "2021.02.20"]
[Round "5.5"]
[White "Ter-Sahakyan, Samvel"]
[Black "Petrosian, Tigran L."]
[Result "1/2-1/2"]
[ECO "B12"]
[WhiteElo "2640"]
[BlackElo "2601"]
[Annotator "ChessBase"]
[PlyCount "106"]
[EventDate "2021.02.16"]
[EventType "tourn"]
[EventCountry "ARM"]
[SourceTitle "playchess.com"]
[Source "ChessBase"]
[SourceQuality "1"]
[TimeControl "40/5400+30:1800+30"]

1. e4 c6 2. d4 Na6 3. Nc3 Nc7 4. Be3 d5 5. e5 Bf5 6. Nce2 e6 7. Ng3 Bg6 8. N1e2 h6 9. Nf4 Bh7 10. h4 Qd7 11. Bd3 Bxd3 12. Nxd3 O-O-O 13. c3 Kb8 14. a4 Ne7 15. b4 Nf5 16. h5 Nxe3 17. fxe3 Be7 18. Ne2 b6 19. O-O Rdf8 20. Nef4 Rhg8 21. Qg4 Qc8 22. Rfb1 Qe8 23. Qe2 a6 24. a5 b5 25. Rf1 g5 26. hxg6 fxg6 27. g3 h5 28. Rf2 Rf5 29. Raf1 Rgf8 30. Nc5 Bxc5 31. bxc5 Kb7 32. Nh3 Qd8 33. Nf4 Qg5 34. Kg2 Qh6 35. Rh1 Qh7 36. g4 R5f7 37. Kg1 g5 38. Nd3 h4 39. Rxf7 Rxf7 40. Nf2 b4 41. cxb4 Nb5 42. Qd2 Rf8 43. Rh3 Qf7 44. Rh2 Qg6 45. Rh3 Ka7 46. Rh2 Qb1+ 47. Kg2 Qh7 48. Kg1 Kb8 49. Rh3 Kc8 50. Qd3 Qxd3 51. Nxd3 Nc3 52. Kg2 Ne4 53. Rf3 Rxf3 1/2-1/2